 Dungeon Crawl Stone Soup version 0.23-a0-309-ge7838e6 (webtiles) character file.

125 b5mith the Conjurer (level 4, -3/39 HPs)
             Began as a Troll Conjurer on Oct 11, 2018.
             Slain by a centaur (7 damage)
             ... on level 3 of the Dungeon.
             The game lasted 00:07:34 (2261 turns).

b5mith the Conjurer (Troll Conjurer)                Turns: 2261, Time: 00:07:35

Health: -3/39      AC:  5    Str: 16    XL:     4   Next: 82%
Magic:  3/5        EV: 10    Int: 12    God:
Gold:   83         SH:  0    Dex: 10    Spells: 3/6 levels left

rFire    . . .     SeeInvis .   (no weapon)
rCold    . . .     Gourm    +   (no shield)
rNeg     . . .     Faith    .   g - +0 robe
rPois    +         Spirit   .   (helmet restricted)
rElec    .         Reflect  .   (no cloak)
rCorr    .         Harm     .   (gloves unavailable)
MR       .....                  (boots unavailable)
Stlth    ++........             (no amulet)
HPRegen  0.53/turn              l - ring of poison resistance
MPRegen  0.09/turn              (no ring)

@: no status effects
A: large, unfitting armour, claws 3, fast metabolism 3, gourmand, regeneration
1, shaggy fur 1, tough skin 2
a: no special abilities


You were on level 3 of the Dungeon.
You were hungry.

You visited 1 branch of the dungeon, and saw 3 of its levels.

You collected 83 gold pieces.

Inventory:

Armour
 a - a +0 robe
 g - a +0 robe (worn)
   (You found it on level 1 of the Dungeon)
Jewellery
 l - a ring of poison resistance (left claw)
   (You found it on level 1 of the Dungeon)
Wands
 r - a wand of digging (10)
   (You found it on level 2 of the Dungeon)
Scrolls
 b - a scroll of enchant armour {unknown}
 e - a scroll of noise {unknown}
 j - a scroll of enchant weapon {unknown}
 k - 2 scrolls of magic mapping {unknown}
 m - a scroll of identify {unknown}
 n - a scroll of fear {unknown}
 p - 3 scrolls of teleportation {unknown}
 q - a scroll of remove curse {unknown}
 u - a scroll of blinking {unknown}
Potions
 d - a potion of might {unknown}
 f - 2 potions of ambrosia {unknown}
 h - a potion of haste {unknown}
 i - a potion of magic {unknown}
 o - a potion of mutation {unknown}
 s - a potion of curing {unknown}
 t - a potion of agility {unknown}
Comestibles
 c - 5 rations


   Skills:
 + Level 2.4 Dodging
 + Level 1.7 Stealth
 + Level 1.9 Spellcasting
 + Level 3.4 Conjurations


You had 3 spell levels left.
You knew the following spells:

 Your Spells              Type           Power        Failure   Level  Hunger
a - Magic Dart            Conj           #...         7%          1    ##.....
b - Searing Ray           Conj           #.....       10%         2    ###....

Your spell library contained the following spells:

 Spells                   Type           Power        Failure   Level  Hunger
 Dazzling Spray           Conj/Hex       #.....       38%         3    ####...
 Iskenderun's Mystic Bla  Conj           #.......     54%         4    #####..
 Force Lance              Conj/Tloc      #.......     80%         4    #####..
 Fulminant Prism          Conj/Hex       #.........   80%         4    #####..


Dungeon Overview and Level Annotations

Branches:
Dungeon (3/15)

Altars:
The Shining One


Innate Abilities, Weirdness & Mutations

You are too large for most types of armour.
You have claws for hands.
Your metabolism is lightning-fast.
You like to eat raw meat.
Your natural rate of healing is unusually fast.
You are covered in fur. (AC +1)
You have very tough skin. (AC +2)


Message History

Casting: Searing Ray (safe; 10% risk of failure)
Confirm with . or Enter, or press ? or * to list all spells.
You can't see any susceptible monsters within range! (Use Z to cast anyway.) Unknown command.
The centaur shoots an arrow.
The arrow hits you!
* * * LOW HITPOINT WARNING * * *
You see here an arrow.
The centaur shoots an arrow.
The arrow hits you.
* * * LOW HITPOINT WARNING * * *
You see here an arrow.
You see here a runed ring mail.
You are feeling hungry.
The centaur shoots an arrow.
The arrow hits you.
* * * LOW HITPOINT WARNING * * *
You see here an arrow.
The centaur shoots an arrow.
The arrow closely misses you.
Casting: Searing Ray (safe; 10% risk of failure)
Confirm with . or Enter, or press ? or * to list all spells.
Aiming: Searing Ray (safe; 10% risk of failure)
Press: ? - help, Shift-Dir - straight line, f - centaur
Aim: a centaur, wielding a shortbow The searing ray hits the centaur.
The centaur is lightly wounded. (Press . to maintain the ray.)
The centaur unwields an uncursed shortbow.
The centaur hits you.
* * * LOW HITPOINT WARNING * * *
You scratch the centaur.
The centaur is moderately wounded.
The centaur hits you.
* * * LOW HITPOINT WARNING * * *
The centaur hits you but does no damage.
You claw the centaur!
The centaur is heavily wounded.
The centaur barely misses you.
You scratch the centaur.
The centaur is severely wounded.
The centaur hits you.
* * * LOW HITPOINT WARNING * * *
The centaur hits you!
* * * LOW HITPOINT WARNING * * *
You barely miss the centaur.
The centaur is severely wounded.
The centaur closely misses you.
You barely miss the centaur.
The centaur is severely wounded.
The centaur hits you.
* * * LOW HITPOINT WARNING * * *
The centaur hits you!
You die...

#c##.# #.#########
#(##.# #......<..#
#.##.# #########.#
#.##.# #)# #(##.#
#####.# #c##.#
#.....# #....#
#.#####
####c######### #.#
#@..(....... #.#
#..########. #.#
######..###... #.#
#....(........ #.#
#.####..###... #.#
#.# #........ #.#
#.# #........
#.#####.####........
#.............###...


You could see a centaur.

Vanquished Creatures
  Natasha (thrice) (D:2)
  2 adders (D:2)
  2 leopard geckos
  4 bats
  5 giant cockroaches
  2 goblins (D:1)
  2 hobgoblins (D:1)
  A quokka (D:2)
  5 kobolds
  7 rats
33 creatures vanquished.

Vanquished Creatures (others)
  An orc wizard (D:3)
  4 orcs (D:3)
5 creatures vanquished.

Grand Total: 38 creatures vanquished

Notes
Turn   | Place    | Note
-------+----------+-------------------------------------------
     0 | D:1      | b5mith the Troll Conjurer began the quest for the Orb.
     0 | D:1      | Reached XP level 1. HP: 16/16 MP: 1/1
    88 | D:1      | Reached skill level 3 in Conjurations
   200 | D:1      | Reached XP level 2. HP: 24/24 MP: 3/3
  1124 | D:2      | Reached XP level 3. HP: 28/31 MP: 0/4
  1489 | D:2      | Found a glowing golden altar of the Shining One.
  1492 | D:2      | Noticed Natasha
  1500 | D:2      | Killed Natasha
  1500 | D:2      | Reached XP level 4. HP: 23/39 MP: 0/5
  1598 | D:2      | Learned a level 2 spell: Searing Ray
  1645 | D:2      | Noticed Natasha
  1654 | D:2      | Killed Natasha
  1958 | D:2      | Noticed Natasha
  1966 | D:2      | Killed Natasha
  2242 | D:3      | Noticed a centaur
  2261 | D:3      | Slain by a centaur

Vault maps used:
D:1:      minmay_arrival_wavy_path
D:2:      cheibrodos_old_hovel, tso_metal_star, serial_bayou_pond_d,
          uniq_natasha
D:3:      chequers_temple_overflow_statue_of_worship, first_ration,
          lemuel_flame_loot_1, uniq_ijyb

Skill      XL: |  1  2 |
---------------+-------+-----
Conjurations   | 3 |  3.4
Dodging        | 2 |  2.4
Stealth        | |  1.7
Spellcasting   | |  1.9

Action                   |  1- 3 |  4- 6 || total
-------------------------+-------+-------++-------
Melee: Unarmed           |    58 |    26 ||    84
 Cast: Magic Dart        |    42 |     2 ||    44
       Searing Ray       |       |     9 ||     9
  Eat: Chunk             |    13 |     3 ||    16
       Ration            |       |     1 ||     1
Armor: Robe              |    22 |     4 ||    26
Dodge: Dodged            |    29 |     8 ||    37

Table legend:
 A = Non-vault XP
 B = Vault XP
 C = Vault XP percentage of total XP
 D = Non-vault monster count
 E = Vault monster count
 F = Vault count percentage of total count
                 A         B        C        D         E       F
            +---------+---------+-------+---------+---------+-------
      Total |     142 |      37 |  20.7 |      31 |       2 |   6.1
            +---------+---------+-------+---------+---------+-------
        D:1 |      27 |       0 |   0.0 |      17 |       0 |   0.0
        D:2 |     111 |      37 |  25.0 |      12 |       2 |  14.3
        D:3 |       4 |       0 |   0.0 |       2 |       0 |   0.0
            +---------+---------+-------+---------+---------+-------
